Workbook

Sheet Assumptions
A1: Sava Industrial Co.Ltd — Working Capital Assumptions
A2: Days-based drivers (DSO / DIO / DPO) | Historical stub + 5-year forecast | USD ($M) | Aligned with Demo #1
A4: USD ($M) | B4: FY2023A | C4: FY2024E | D4: FY2025E | E4: FY2026E | F4: FY2027E | G4: FY2028E
A6: COMPANY
A7: Company | B7: Sava Industrial Co.Ltd
A8: Currency / Units | B8: USD ($M)
A10: OPERATING DRIVERS
A11: Revenue Growth % | C11: 0.06 | D11: 0.055 | E11: 0.05 | F11: 0.045 | G11: 0.04
A12: Revenue | B12: 480 | C12: =B12*(1+C$11) | D12: =C12*(1+D$11) | E12: =D12*(1+E$11) | F12: =E12*(1+F$11) | G12: =F12*(1+G$11)
A13: COGS % of Revenue | B13: 0.65 | C13: 0.65 | D13: 0.65 | E13: 0.65 | F13: 0.65 | G13: 0.65
A14: COGS (derived) | B14: =B12*B13 | C14: =C12*C13 | D14: =D12*D13 | E14: =E12*E13 | F14: =F12*F13 | G14: =G12*G13
A16: WORKING CAPITAL DAYS (INPUTS)
A17: Days Sales Outstanding (DSO) | B17: 49 | C17: 49 | D17: 49 | E17: 49 | F17: 49 | G17: 49
A18: Days Inventory Outstanding (DIO) | B18: 100 | C18: 100 | D18: 100 | E18: 100 | F18: 100 | G18: 100
A19: Days Payables Outstanding (DPO) | B19: 49 | C19: 49 | D19: 49 | E19: 49 | F19: 49 | G19: 49
A21: HISTORICAL ENDING BALANCES (FY2023A STUB)
A22: Accounts Receivable (Ending) | B22: =B12*B17/365
A23: Inventory (Ending) | B23: =B14*B18/365
A24: Accounts Payable (Ending) | B24: =B14*B19/365
A26: IMPLIED METRICS (FY2023A)
A27: NWC (AR + Inv − AP) | B27: =B22+B23-B24
A28: NWC % of Revenue | B28: =B27/B12
A29: Cash Conversion Cycle (DSO + DIO − DPO) | B29: =B17+B18-B19

Sheet Labels_TT99
A1: Labels TT99/2025 — Sava Industrial Co.Ltd
A2: Nguồn: Thông tư 99/2025/TT-BTC Phụ lục II — Phần A Danh mục tài khoản kế toán | Hiệu lực: 2026-01-01 | 71 TK cấp 1
A4: Line Item (EN / model) | B4: Canonical ID | C4: TT99 Code(s) | D4: TT99 Name (VI) | E4: Statement | F4: Tab | G4: Notes
A5: Revenue | B5: revenue | C5: 511 | D5: Doanh thu bán hàng và cung cấp dịch vụ | E5: Operating | F5: Assumptions
A6: COGS | B6: cogs | C6: 632 | D6: Giá vốn hàng bán | E6: Operating | F6: Assumptions
A7: Accounts Receivable | B7: ar | C7: 131 | D7: Phải thu của khách hàng | E7: Working Capital | F7: AR Roll-forward
A8: Inventory | B8: raw_materials | C8: 152 | D8: Nguyên liệu, vật liệu | E8: Working Capital | F8: Inventory Roll-forward
A9: Accounts Payable | B9: ap | C9: 331 | D9: Phải trả cho người bán | E9: Working Capital | F9: AP Roll-forward
A10: Net Working Capital | B10: ar | C10: 131 | D10: Phải thu của khách hàng | E10: Working Capital | F10: NWC Summary | G10: AR + Inv − AP; no single TT99 code
A11: WC Cash Impact | B11: cash | C11: 111, 112 | D11: Tiền mặt | Tiền gửi không kỳ hạn | E11: Cash Flow | F11: Cash Impact | G11: Indirect method adjustment
A13: REFERENCE — ALL TT99 ACCOUNTS IN coa-tt99.json
A14: TT99 Code | B14: Name (VI) | C14: Type | D14: Canonical ID
A15: 111 | B15: Tiền mặt | C15: asset | D15: cash
A16: 112 | B16: Tiền gửi không kỳ hạn | C16: asset | D16: cash
A17: 113 | B17: Tiền đang chuyển | C17: asset | D17: cash_in_transit
A18: 121 | B18: Chứng khoán kinh doanh | C18: asset | D18: trading_securities
A19: 128 | B19: Đầu tư nắm giữ đến ngày đáo hạn | C19: asset | D19: held_to_maturity_investments
A20: 131 | B20: Phải thu của khách hàng | C20: asset | D20: ar
A21: 133 | B21: Thuế GTGT được khấu trừ | C21: asset | D21: vat_input
A22: 136 | B22: Phải thu nội bộ | C22: asset | D22: intercompany_receivable
A23: 138 | B23: Phải thu khác | C23: asset | D23: other_receivables
A24: 141 | B24: Tạm ứng | C24: asset | D24: advances
A25: 151 | B25: Hàng mua đang đi đường | C25: asset | D25: goods_in_transit
... A85: 911 | B85: Xác định kết quả kinh doanh | C85: expense | D85: —

Sheet AR Roll-forward
A1: Accounts Receivable — Roll-forward (Corkscrew)
A2: DSO-linked ending balance | Collections = Beg + Revenue − End
A4: USD ($M) | B4: FY2023A | C4: FY2024E | D4: FY2025E | E4: FY2026E | F4: FY2027E | G4: FY2028E
A6: DRIVERS
A7: Revenue (credit sales proxy) | B7: =Assumptions!B12 | C7: =Assumptions!C12 | D7: =Assumptions!D12 | E7: =Assumptions!E12 | F7: =Assumptions!F12 | G7: =Assumptions!G12
A8: DSO (Days) | B8: =Assumptions!B17 | C8: =Assumptions!C17 | D8: =Assumptions!D17 | E8: =Assumptions!E17 | F8: =Assumptions!F17 | G8: =Assumptions!G17
A10: ACCOUNTS RECEIVABLE CORKSCREW
A11: Beginning AR | B11: =Assumptions!B22 | C11: =B13 | D11: =C13 | E11: =D13 | F11: =E13 | G11: =F13
A12: (+) Revenue / Credit Sales | B12: =B7 | C12: =C7 | D12: =D7 | E12: =E7 | F12: =F7 | G12: =G7
A13: Ending AR (DSO × Revenue / 365) | B13: =B7*B8/365 | C13: =C7*C8/365 | D13: =D7*D8/365 | E13: =E7*E8/365 | F13: =F7*F8/365 | G13: =G7*G8/365
A14: (−) Collections (Cash In) | B14: =B11+B12-B13 | C14: =C11+C12-C13 | D14: =D11+D12-D13 | E14: =E11+E12-E13 | F14: =F11+F12-F13 | G14: =G11+G12-G13
A16: Check: Beg + Sales − Collections = End | B16: =IF(ABS(B11+B12-B14-B13)<0.05,"OK","ERR") | C16: =IF(ABS(C11+C12-C14-C13)<0.05,"OK","ERR") | D16: =IF(ABS(D11+D12-D14-D13)<0.05,"OK","ERR") | E16: =IF(ABS(E11+E12-E14-E13)<0.05,"OK","ERR") | F16: =IF(ABS(F11+F12-F14-F13)<0.05,"OK","ERR") | G16: =IF(ABS(G11+G12-G14-G13)<0.05,"OK","ERR")
A17: Δ AR (Ending − Beginning) | B17: 0 | C17: =C13-C11 | D17: =D13-D11 | E17: =E13-E11 | F17: =F13-F11 | G17: =G13-G11

Sheet Inventory Roll-forward
A1: Inventory — Roll-forward (Corkscrew)
A2: DIO-linked ending balance | Purchases = COGS + ΔInventory
A4: USD ($M) | B4: FY2023A | C4: FY2024E | D4: FY2025E | E4: FY2026E | F4: FY2027E | G4: FY2028E
A6: DRIVERS
A7: COGS | B7: =Assumptions!B14 | C7: =Assumptions!C14 | D7: =Assumptions!D14 | E7: =Assumptions!E14 | F7: =Assumptions!F14 | G7: =Assumptions!G14
A8: DIO (Days) | B8: =Assumptions!B18 | C8: =Assumptions!C18 | D8: =Assumptions!D18 | E8: =Assumptions!E18 | F8: =Assumptions!F18 | G8: =Assumptions!G18
A10: INVENTORY CORKSCREW
A11: Beginning Inventory | B11: =Assumptions!B23 | C11: =B12 | D11: =C12 | E11: =D12 | F11: =E12 | G11: =F12
A12: Ending Inventory (DIO × COGS / 365) | B12: =B7*B8/365 | C12: =C7*C8/365 | D12: =D7*D8/365 | E12: =E7*E8/365 | F12: =F7*F8/365 | G12: =G7*G8/365
A13: (+) Purchases | B13: =B7+B12-B11 | C13: =C7+C12-C11 | D13: =D7+D12-D11 | E13: =E7+E12-E11 | F13: =F7+F12-F11 | G13: =G7+G12-G11
A14: (−) COGS | B14: =B7 | C14: =C7 | D14: =D7 | E14: =E7 | F14: =F7 | G14: =G7
A16: Check: Beg + Purchases − COGS = End | B16: =IF(ABS(B11+B13-B14-B12)<0.05,"OK","ERR") | C16: =IF(ABS(C11+C13-C14-C12)<0.05,"OK","ERR") | D16: =IF(ABS(D11+D13-D14-D12)<0.05,"OK","ERR") | E16: =IF(ABS(E11+E13-E14-E12)<0.05,"OK","ERR") | F16: =IF(ABS(F11+F13-F14-F12)<0.05,"OK","ERR") | G16: =IF(ABS(G11+G13-G14-G12)<0.05,"OK","ERR")
A17: Δ Inventory (Ending − Beginning) | B17: 0 | C17: =C12-C11 | D17: =D12-D11 | E17: =E12-E11 | F17: =F12-F11 | G17: =G12-G11

Sheet AP Roll-forward
A1: Accounts Payable — Roll-forward (Corkscrew)
A2: DPO-linked ending balance | Purchases linked from Inventory tab
A4: USD ($M) | B4: FY2023A | C4: FY2024E | D4: FY2025E | E4: FY2026E | F4: FY2027E | G4: FY2028E
A6: DRIVERS
A7: COGS | B7: =Assumptions!B14 | C7: =Assumptions!C14 | D7: =Assumptions!D14 | E7: =Assumptions!E14 | F7: =Assumptions!F14 | G7: =Assumptions!G14
A8: DPO (Days) | B8: =Assumptions!B19 | C8: =Assumptions!C19 | D8: =Assumptions!D19 | E8: =Assumptions!E19 | F8: =Assumptions!F19 | G8: =Assumptions!G19
A9: Purchases (from Inventory roll-forward) | B9: ='Inventory Roll-forward'!B13 | C9: ='Inventory Roll-forward'!C13 | D9: ='Inventory Roll-forward'!D13 | E9: ='Inventory Roll-forward'!E13 | F9: ='Inventory Roll-forward'!F13 | G9: ='Inventory Roll-forward'!G13
A11: ACCOUNTS PAYABLE CORKSCREW
A12: Beginning AP | B12: =Assumptions!B24 | C12: =B14 | D12: =C14 | E12: =D14 | F12: =E14 | G12: =F14
A13: (+) Purchases | B13: =B9 | C13: =C9 | D13: =D9 | E13: =E9 | F13: =F9 | G13: =G9
A14: Ending AP (DPO × COGS / 365) | B14: =B7*B8/365 | C14: =C7*C8/365 | D14: =D7*D8/365 | E14: =E7*E8/365 | F14: =F7*F8/365 | G14: =G7*G8/365
A15: (−) Payments (Cash Out) | B15: =B12+B13-B14 | C15: =C12+C13-C14 | D15: =D12+D13-D14 | E15: =E12+E13-E14 | F15: =F12+F13-F14 | G15: =G12+G13-G14
A17: Check: Beg + Purchases − Payments = End | B17: =IF(ABS(B12+B13-B15-B14)<0.05,"OK","ERR") | C17: =IF(ABS(C12+C13-C15-C14)<0.05,"OK","ERR") | D17: =IF(ABS(D12+D13-D15-D14)<0.05,"OK","ERR") | E17: =IF(ABS(E12+E13-E15-E14)<0.05,"OK","ERR") | F17: =IF(ABS(F12+F13-F15-F14)<0.05,"OK","ERR") | G17: =IF(ABS(G12+G13-G15-G14)<0.05,"OK","ERR")
A18: Δ AP (Ending − Beginning) | B18: 0 | C18: =C14-C12 | D18: =D14-D12 | E18: =E14-E12 | F18: =F14-F12 | G18: =G14-G12

Sheet NWC Summary
A1: Net Working Capital — Summary
A2: AR + Inventory − AP | Change in NWC drives cash flow (see Cash Impact tab)
A4: USD ($M) | B4: FY2023A | C4: FY2024E | D4: FY2025E | E4: FY2026E | F4: FY2027E | G4: FY2028E
A6: BALANCE SHEET WORKING CAPITAL
A7: Accounts Receivable | B7: ='AR Roll-forward'!B13 | C7: ='AR Roll-forward'!C13 | D7: ='AR Roll-forward'!D13 | E7: ='AR Roll-forward'!E13 | F7: ='AR Roll-forward'!F13 | G7: ='AR Roll-forward'!G13
A8: Inventory | B8: ='Inventory Roll-forward'!B12 | C8: ='Inventory Roll-forward'!C12 | D8: ='Inventory Roll-forward'!D12 | E8: ='Inventory Roll-forward'!E12 | F8: ='Inventory Roll-forward'!F12 | G8: ='Inventory Roll-forward'!G12
A9: Accounts Payable | B9: ='AP Roll-forward'!B14 | C9: ='AP Roll-forward'!C14 | D9: ='AP Roll-forward'!D14 | E9: ='AP Roll-forward'!E14 | F9: ='AP Roll-forward'!F14 | G9: ='AP Roll-forward'!G14
A11: Gross Working Capital (AR + Inventory) | B11: =B7+B8 | C11: =C7+C8 | D11: =D7+D8 | E11: =E7+E8 | F11: =F7+F8 | G11: =G7+G8
A12: Net Working Capital (AR + Inv − AP) | B12: =B7+B8-B9 | C12: =C7+C8-C9 | D12: =D7+D8-D9 | E12: =E7+E8-E9 | F12: =F7+F8-F9 | G12: =G7+G8-G9
A14: RATIOS & METRICS
A15: Revenue | B15: =Assumptions!B12 | C15: =Assumptions!C12 | D15: =Assumptions!D12 | E15: =Assumptions!E12 | F15: =Assumptions!F12 | G15: =Assumptions!G12
A16: NWC % of Revenue | B16: =IF(B15=0,0,B12/B15) | C16: =IF(C15=0,0,C12/C15) | D16: =IF(D15=0,0,D12/D15) | E16: =IF(E15=0,0,E12/E15) | F16: =IF(F15=0,0,F12/F15) | G16: =IF(G15=0,0,G12/G15)
A17: Cash Conversion Cycle (DSO + DIO − DPO) | B17: =Assumptions!B17+Assumptions!B18-Assumptions!B19 | C17: =Assumptions!C17+Assumptions!C18-Assumptions!C19 | D17: =Assumptions!D17+Assumptions!D18-Assumptions!D19 | E17: =Assumptions!E17+Assumptions!E18-Assumptions!E19 | F17: =Assumptions!F17+Assumptions!F18-Assumptions!F19 | G17: =Assumptions!G17+Assumptions!G18-Assumptions!G19
A19: Change in NWC (ΔNWC) | B19: 0 | C19: =C12-B12 | D19: =D12-C12 | E19: =E12-D12 | F19: =F12-E12 | G19: =G12-F12

Sheet Cash Impact
A1: Working Capital — Cash Flow Impact
A2: Increase in WC assets = use of cash (negative) | Increase in AP = source of cash (positive)
A4: USD ($M) | B4: FY2023A | C4: FY2024E | D4: FY2025E | E4: FY2026E | F4: FY2027E | G4: FY2028E
A6: INDIRECT METHOD — WC ADJUSTMENTS
A7: Note | B7: Sign convention matches Demo #1 Cash Flow Statement
A9: Change in Accounts Receivable | B9: 0 | C9: =-('AR Roll-forward'!C13-'AR Roll-forward'!B13) | D9: =-('AR Roll-forward'!D13-'AR Roll-forward'!C13) | E9: =-('AR Roll-forward'!E13-'AR Roll-forward'!D13) | F9: =-('AR Roll-forward'!F13-'AR Roll-forward'!E13) | G9: =-('AR Roll-forward'!G13-'AR Roll-forward'!F13)
A10: Change in Inventory | B10: 0 | C10: =-('Inventory Roll-forward'!C12-'Inventory Roll-forward'!B12) | D10: =-('Inventory Roll-forward'!D12-'Inventory Roll-forward'!C12) | E10: =-('Inventory Roll-forward'!E12-'Inventory Roll-forward'!D12) | F10: =-('Inventory Roll-forward'!F12-'Inventory Roll-forward'!E12) | G10: =-('Inventory Roll-forward'!G12-'Inventory Roll-forward'!F12)
A11: Change in Accounts Payable | B11: 0 | C11: ='AP Roll-forward'!C14-'AP Roll-forward'!B14 | D11: ='AP Roll-forward'!D14-'AP Roll-forward'!C14 | E11: ='AP Roll-forward'!E14-'AP Roll-forward'!D14 | F11: ='AP Roll-forward'!F14-'AP Roll-forward'!E14 | G11: ='AP Roll-forward'!G14-'AP Roll-forward'!F14
A13: Total WC Adjustment to Cash Flow | B13: =B9+B10+B11 | C13: =C9+C10+C11 | D13: =D9+D10+D11 | E13: =E9+E10+E11 | F13: =F9+F10+F11 | G13: =G9+G10+G11
A15: RECONCILIATION TO ΔNWC
A16: ΔNWC (from NWC Summary) | B16: ='NWC Summary'!B19 | C16: ='NWC Summary'!C19 | D16: ='NWC Summary'!D19 | E16: ='NWC Summary'!E19 | F16: ='NWC Summary'!F19 | G16: ='NWC Summary'!G19
A17: Check: WC Adj = −ΔNWC | B17: — | C17: =IF(ABS(C13+C16)<0.05,"OK","ERR") | D17: =IF(ABS(D13+D16)<0.05,"OK","ERR") | E17: =IF(ABS(E13+E16)<0.05,"OK","ERR") | F17: =IF(ABS(F13+F16)<0.05,"OK","ERR") | G17: =IF(ABS(G13+G16)<0.05,"OK","ERR")
A19: CUMULATIVE CASH TIE (ILLUSTRATIVE)
A20: Cumulative WC Cash Impact (Forecast) | B20: 0 | C20: =C13 | D20: =C20+D13 | E20: =D20+E13 | F20: =E20+F13 | G20: =F20+G13

Sheet Dashboard
A1: Working Capital Dashboard — Sava Industrial Co.Ltd
A2: Days-based roll-forward | Historical stub + 5-year forecast | USD ($M)
A4: SNAPSHOT — FY2023A (HISTORICAL STUB)
A5: Revenue | B5: =Assumptions!B12
A6: NWC | B6: ='NWC Summary'!B12
A7: NWC % Revenue | B7: ='NWC Summary'!B16
A8: Cash Conversion Cycle | B8: ='NWC Summary'!B17
A9: DSO / DIO / DPO | B9: =Assumptions!B17&" / "&Assumptions!B18&" / "&Assumptions!B19
A11: SNAPSHOT — FY2028E (YEAR 5)
A12: Revenue | B12: =Assumptions!A12
A13: NWC | B13: ='NWC Summary'!A12
A14: NWC % Revenue | B14: ='NWC Summary'!A16
A15: ΔNWC (Year 5) | B15: ='NWC Summary'!A19
A16: WC Cash Impact (Year 5) | B16: ='Cash Impact'!A13
A18: FORECAST CHART DATA
B19: FY2024E | C19: FY2025E | D19: FY2026E | E19: FY2027E | F19: FY2028E
A20: Net Working Capital | B20: ='NWC Summary'!C12 | C20: ='NWC Summary'!D12 | D20: ='NWC Summary'!E12 | E20: ='NWC Summary'!F12 | F20: ='NWC Summary'!G12
A21: ΔNWC | B21: ='NWC Summary'!C19 | C21: ='NWC Summary'!D19 | D21: ='NWC Summary'!E19 | E21: ='NWC Summary'!F19 | F21: ='NWC Summary'!G19
A22: WC Cash Impact | B22: ='Cash Impact'!C13 | C22: ='Cash Impact'!D13 | D22: ='Cash Impact'!E13 | E22: ='Cash Impact'!F13 | F22: ='Cash Impact'!G13
A23: DSO | B23: =Assumptions!C17 | C23: =Assumptions!D17 | D23: =Assumptions!E17 | E23: =Assumptions!F17 | F23: =Assumptions!G17
A24: DIO | B24: =Assumptions!C18 | C24: =Assumptions!D18 | D24: =Assumptions!E18 | E24: =Assumptions!F18 | F24: =Assumptions!G18
A25: DPO | B25: =Assumptions!C19 | C25: =Assumptions!D19 | D25: =Assumptions!E19 | E25: =Assumptions!F19 | F25: =Assumptions!G19
A75: Notes
A76: • Operating drivers aligned with Demo #1 (3-Statement) for Sava Industrial Co.Ltd.
A77: • Days-based ending balances; corkscrews derive collections, purchases, and payments.
A78: • WC cash impact = −ΔNWC (increase in NWC is a use of cash).
